 Dungeon Crawl Stone Soup version 0.19.1 (webtiles) character file.

18739 RKaid the Thaumaturge (level 12, -12/83 HPs)
             Began as an Octopode Wizard on Dec 25, 2016.
             Was an Elder of Sif Muna.
             Mangled by a spiny frog (23 damage)
             ... on level 2 of the Lair of Beasts.
             The game lasted 01:26:10 (24464 turns).

RKaid the Thaumaturge (Octopode Wizard)            Turns: 24464, Time: 01:26:11

Health: -12/83     AC:  2    Str:  7    XL:     12   Next: 61%
Magic:  8/26       EV: 16    Int: 23    God:    Sif Muna [****..]
Gold:   329        SH:  3    Dex: 12    Spells: 8 memorised, 9 levels left

rFire  . . .     SeeInvis +     V - staff of energy {+MP, hungerless spells, !a}
rCold  . . .     Gourm    .     R - +0 buckler {reflect}
rNeg   + . .     Faith    .     D - +1 hat
rPois  +         Spirit   .     (no amulet)
rElec  .         Reflect  +     g - ring of wizardry {Wiz+}
rCorr  +         Harm     .     i - ring of flight {+Fly}
MR     .....                    x - +4 ring of evasion
Stlth  ++++......               v - ring of resist corrosion
                                E - ring of stealth {Stlth+}
                                P - ring of positive energy {rN+}
                                S - ring of see invisible (curse) {sInv}
                                A - ring of poison resistance {rPois}

@: repel missiles, divine energy
A: almost no armour, stealthy swim, amphibious, 8 rings, constrict 8, camouflage
1, gelatinous body 1
a: Stop Divine Energy, Channel Magic, Forget Spell, Renounce Religion, Evoke
Flight


You were on level 2 of the Lair of Beasts.
You worshipped Sif Muna.
Sif Muna was greatly pleased with you.
You were not hungry.

You visited 3 branches of the dungeon, and saw 15 of its levels.
You also visited: Labyrinth.

You collected 833 gold pieces.
You spent 504 gold pieces at shops.

Inventory:

Hand Weapons
 a - the +2 short sword of the Insatiable Wonders {drain, rElec Str+4}
   (You found it on level 7 of the Dungeon)

   A truly terrible weapon, it drains the life of those it strikes.
   It affects your strength (+4).
   It insulates you from electricity.
Armour
 D - a +1 hat (worn)
 R - a +0 buckler of reflection (worn)
   (You acquired it on level 1 of the Lair of Beasts)
Magical Staves
 b - an uncursed staff of poison {rPois}
   (You found it on level 9 of the Dungeon)
 L - an uncursed staff of wizardry {wiz+, !a}
   (You found it on level 9 of the Dungeon)
 Q - an uncursed staff of power {MP+17, !a}
   (You found it on level 11 of the Dungeon)
 V - an uncursed staff of energy (weapon) {+MP, hungerless spells, !a}
   (You found it on level 9 of the Dungeon)
Rods
 q - a +0 rod of ignition (10/10)
   (You found it on level 2 of the Lair of Beasts)
Jewellery
 g - a ring of wizardry (left tentacle) {Wiz+}
   (You found it on level 1 of the Dungeon)
 i - a ring of flight (right tentacle) {+Fly}
   (You found it on level 2 of the Dungeon)
 v - a ring of resist corrosion (on tentacle)
   (You found it on level 5 of the Dungeon)
 x - a +4 ring of evasion (on tentacle)
   (You found it on level 3 of the Dungeon)
 A - a ring of poison resistance (on tentacle) {rPois}
   (You found it in a labyrinth)
 E - a ring of stealth (on tentacle) {Stlth+}
   (You found it on level 8 of the Dungeon)
 P - a ring of positive energy (on tentacle) {rN+}
   (You found it on level 10 of the Dungeon)
 S - a cursed ring of see invisible (on tentacle) {sInv}
   (You found it on level 1 of the Lair of Beasts)
 T - a +4 ring of protection {unknown}
   (You found it in a labyrinth)
Wands
 j - a wand of polymorph (11/24)
   (You took it off an orc warrior on level 11 of the Dungeon)
 y - a wand of confusion (9/48)
   (You found it on level 8 of the Dungeon)
 H - a wand of heal wounds (2/9)
   (You bought it in a shop on level 6 of the Dungeon)
 I - a wand of acid (1/15)
   (You found it on level 9 of the Dungeon)
 K - a wand of paralysis (13/24)
   (You found it in a labyrinth)
 O - a wand of lightning (4/15)
   (You found it on level 10 of the Dungeon)
Scrolls
 h - a scroll of brand weapon
 o - 6 scrolls of remove curse
 G - a scroll of enchant armour
 J - a scroll of recharging
Potions
 d - a potion of might
 e - a potion of resistance {unknown}
 f - a potion of magic
 k - 3 potions of berserk rage {unknown}
 l - a potion of lignification {unknown}
 m - a potion of cure mutation {unknown}
 n - 3 potions of heal wounds {unknown}
 p - a potion of flight
 r - 3 potions of agility
 s - 2 potions of mutation {unknown}
 u - a potion of brilliance {unknown}
 w - 2 potions of beneficial mutation {unknown}
 C - a potion of ambrosia {unknown}
 W - 2 potions of curing
Books
 t - a book of Maledictions
   (You found it on level 2 of the Lair of Beasts)
 N - the Almanac of Dusty Combat Magic
   (You found it in a labyrinth)

   Spells                             Type                      Level
   a - Magic Dart                     Conjuration                  1
   b - Flame Tongue                   Conjuration/Fire             1
   c - Static Discharge               Conjuration/Air              3
   d - Mephitic Cloud                 Conjuration/Poison/Air       3
   e - Fulminant Prism                Conjuration/Hexes            4
   f - Statue Form                    Transmutation/Earth          6
Miscellaneous
 F - a fan of gales
   (You found it in a labyrinth)
 M - a disc of storms
   (You found it on level 9 of the Dungeon)
Comestibles
 c - 8 bread rations
 z - 3 meat rations
 B - 2 chunks of flesh


   Skills:
 - Level 8.3 Fighting
 - Level 2.0 Dodging
 - Level 2.6 Stealth
 + Level 10.6 Spellcasting
 - Level 8.8 Conjurations
 - Level 3.6 Charms
   Level 1.0 Summonings
 - Level 3.1 Translocations
 - Level 2.5 Fire Magic
 - Level 3.1 Poison Magic
 + Level 6.4 Invocations
 + Level 9.7 Evocations


You had 9 spell levels left.
You knew the following spells:

 Your Spells              Type           Power        Failure   Level  Hunger
a - Magic Dart            Conj           ####         1%          1    None
b - Mephitic Cloud        Conj/Pois/Air  ####....     2%          3    None
c - Conjure Flame         Conj/Fire      #####...     1%          3    None
d - Iskenderun's Mystic   Conj           ######..     1%          4    None
A - Iskenderun's Battles  Conj/Chrm      #####...     9%          5    None
B - Blink                 Tloc           N/A          1%          2    None
C - Repel Missiles        Chrm/Air       ###...       4%          2    None
D - Regeneration          Chrm/Necr      ###.......   7%          3    None


Dungeon Overview and Level Annotations

Branches:
Dungeon (12/15)            Temple (1/1) D:7            Lair (2/6) D:11
    Orc (0/2) D:9
  Swamp: Lair:2-4    Shoals: Lair:2-4     Snake: Lair:2-4    Spider: Lair:2-4

Altars:
Ashenzari
Cheibriados
Dithmenos
Elyvilon
Fedhas
Gozag
Hepliaklqana
Kikubaaqudgha
Makhleb
Nemelex Xobeh
Okawaru
Qazlal
Ru
Sif Muna
Trog
Uskayaw
Vehumet
Xom
Yredelemnul
Zin
The Shining One

Shops:
D:6 **[   D:7 (   D:10 *(   D:12 [

Annotations:
D:7 exclusions: Joseph and sky beast, Joseph


Innate Abilities, Weirdness & Mutations

You cannot wear most types of armour.
You are very stealthy in the water. (Stealth+)
You are amphibious.
You can wear up to eight rings at the same time.
You can use your tentacles to constrict eight enemies at once.
Your skin changes colour to match your surroundings (Stealth+).
Your rubbery body absorbs attacks. (AC +1, EV +1)


Message History

Confirm with . or Enter, or press ? or * to list all spells.
Aiming: Iskenderun's Mystic Blast
Press: ? - help, Shift-Dir - straight line The orb of energy hits the minotaur.
The orb of energy explodes!
Your battlesphere fires!
The barrage of energy hits the minotaur.
The minotaur hits you!!
The minotaur gores you but does no damage.
Casting: Iskenderun's Mystic Blast
Confirm with . or Enter, or press ? or * to list all spells.
Aiming: Iskenderun's Mystic Blast
Press: ? - help, Shift-Dir - straight line The orb of energy hits the minotaur.
Your battlesphere fires!
The barrage of energy hits the minotaur.
The minotaur hits you! The minotaur gores you.
Casting: Iskenderun's Mystic Blast
Confirm with . or Enter, or press ? or * to list all spells.
Aiming: Iskenderun's Mystic Blast
Press: ? - help, Shift-Dir - straight line The orb of energy hits the minotaur.
The orb of energy explodes!
Your battlesphere fires!
The barrage of energy hits the minotaur.
You kill the minotaur!
Sif Muna accepts your kill.
You start resting.
Your battlesphere wavers and loses cohesion.
You see here a minotaur corpse.
You butcher the minotaur corpse.
B - 2 chunks of flesh You start resting.
You hear an odd grinding sound!
o - 6 scrolls of remove curse (gained 1)
F - a fan of gales;
K - a wand of paralysis
N - the Almanac of Dusty Combat Magic;
T - a glowing ruby ring
There is an escape hatch in the ceiling here.
Items here: ( ) = ? [[ a scroll of noise {!r}; a glowing halberd; a jewelled plate armour a glowing scale mail; 8 arrows; a ring of loudness {Stlth-}
Okay, then.
Welcome back to the Lair of Beasts! x2
There is an empty arch of ancient stone here.
Casting: Iskenderun's Mystic Blast
Confirm with . or Enter, or press ? or * to list all spells.
You blink.
The basilisk hisses angrily.
Casting: Blink
Confirm with . or Enter, or press ? or * to list all spells.
You miscast Iskenderun's Battlesphere.
Sif Muna protects you from the effects of your miscast!
Casting: Iskenderun's Battlesphere
Confirm with . or Enter, or press ? or * to list all spells.
Aiming: Iskenderun's Mystic Blast
Press: ? - help, Shift-Dir - straight line, f - basilisk
Aim: a basilisk The orb of energy hits the basilisk.
The orb of energy explodes!
A spiny frog comes into view.
Casting: Iskenderun's Mystic Blast
Confirm with . or Enter, or press ? or * to list all spells.
Aiming: Iskenderun's Mystic Blast
Press: ? - help, Shift-Dir - straight line, f/p - basilisk
Aim: a basilisk (moderately wounded)
The orb of energy hits the basilisk.
The orb of energy explodes!
You hear a croak.
The basilisk gazes at you.
You are slowing down.
Casting: Iskenderun's Mystic Blast
Confirm with . or Enter, or press ? or * to list all spells.
Aiming: Iskenderun's Mystic Blast
Press: ? - help, Shift-Dir - straight line, f/p - basilisk
Aim: a basilisk (almost dead)
The orb of energy hits the basilisk.
The orb of energy explodes!
The basilisk gazes at you.
Your limbs have turned to stone.
You have turned to stone.
The basilisk bites you! The basilisk gazes at you. You resist with some effort.
The basilisk gazes at you. The spiny frog stings you!
The spiny frog croaks.
The basilisk bites you. The spiny frog stings you. The spiny frog stings you!!
The basilisk bites you! The spiny frog stings you! The basilisk bites you.
The spiny frog stings you! The spiny frog stings you!!
The basilisk gazes at you. You resist with some effort.
The spiny frog stings you!!
* * * LOW HITPOINT WARNING * * *
The spiny frog completely misses you. The basilisk gazes at you.
You resist with some effort. The spiny frog barely misses you.
The spiny frog stings you!!
* * * LOW HITPOINT WARNING * * *
The basilisk bites you!
* * * LOW HITPOINT WARNING * * *
The spiny frog barely misses you. The spiny frog stings you.
You turn to flesh and can move again.
Casting: Iskenderun's Mystic Blast
Confirm with . or Enter, or press ? or * to list all spells.
You blink.
The spiny frog stings you!!
You die...

....P....# .....## ##.....
.....##...........#P........##.
...P## ......................
...## ......................
..## .......<.............. ..#
...................... ..#
.........§............ ..##
........FF.........#... ..P#
#........@.l....∩.......
..#####........................
....#..................#.#.....
..#.....................#......
......................##.......
......................# #P.....
............(.........## #.....
.......................#. .#P##
...........÷...............###


You could see 2 spiny frogs and a basilisk.

Vanquished Creatures
  A minotaur (Lab)
  2 hydras
  5 hill giants
  A deep elf mage (D:8)
  An ugly thing (D:12)
  Psyche (D:9)
  3 spiny frogs (Lair:1)
  A kobold demonologist (D:11)
  A komodo dragon (Lair:1)
  A troll (D:11)
  A two-headed ogre (D:10)
  2 slime creatures (D:12)
  5 hippogriffs
  3 wyverns
  3 redbacks (Lab)
  5 hungry ghosts
  8 yaks
  A steam dragon (D:11)
  A porcupine (Lair:1)
  2 ice beasts (D:9)
  5 sky beasts
  3 phantoms
  5 orc warriors
  4 black bears
  6 ogres
  5 centaurs
  4 crocodiles
  4 wolves (Lair:1)
  3 big kobolds
  7 bullfrogs
  A wyvern skeleton (D:11)
  4 scorpions
  2 troll zombies (D:9)
  3 wights (D:12)
  3 killer bees
  2 howler monkeys
  8 crimson imps
  2 bullfrog zombies
  3 jellies
  2 quasits (D:10)
  7 orc priests
  7 hounds
  13 orc wizards
  3 centaur skeletons
  3 iguanas
  Natasha (twice) (D:2)
  9 worker ants
  A killer bee zombie (D:6)
  6 ogre zombies (D:9)
  A hound zombie (D:6)
  A hound skeleton (D:5)
  A howler monkey zombie (D:5)
  2 worker ant zombies
  11 adders
  2 river rats (D:11)
  3 shadow imps
  4 oozes
  An adder skeleton (D:4)
  4 worms
  2 dart slugs
  4 leopard geckos
  35 orcs
  3 ball pythons
  6 giant cockroaches
  10 goblins
  2 hobgoblins
  20 jackals
  14 kobolds
  3 quokkas
  10 bats
  11 frilled lizards
  2 goblin skeletons (D:9)
  3 goblin zombies (D:9)
  2 hobgoblin skeletons (D:9)
  4 hobgoblin zombies (D:9)
  2 jackal skeletons
  A leopard gecko zombie (D:8)
  An orc skeleton (D:9)
  12 orc zombies (D:9)
  A quokka skeleton (D:7)
  A quokka zombie (D:5)
  11 rats
365 creatures vanquished.

Vanquished Creatures (others)
  An orc wizard (D:9)
  40 fungi (D:11)
  21 plants (D:11)
62 creatures vanquished.

Grand Total: 427 creatures vanquished

Notes
Turn   | Place    | Note
-------+----------+-------------------------------------------
     0 | D:1      | RKaid the Octopode Wizard began the quest for the Orb.
     0 | D:1      | Reached XP level 1. HP: 11/11 MP: 4/4
   493 | D:1      | Reached XP level 2. HP: 17/17 MP: 4/6
   845 | D:1      | Reached skill level 2 in Conjurations
  1132 | D:1      | Reached XP level 3. HP: 21/21 MP: 3/7
  2191 | D:2      | Reached XP level 4. HP: 27/27 MP: 3/9
  2199 | D:2      | Reached skill level 4 in Spellcasting
  2590 | D:2      | Noticed Natasha
  2600 | D:2      | Killed Natasha
  2828 | D:2      | Noticed Natasha
  2888 | D:2      | Killed Natasha
  2888 | D:2      | Reached skill level 3 in Conjurations
  2888 | D:2      | Reached XP level 5. HP: 18/31 MP: 4/11
  3339 | D:3      | Found a sacrificial altar of Ru.
  3345 | D:3      | Found a white marble altar of Elyvilon.
  3345 | D:3      | Found a shattered altar of Ashenzari.
  3348 | D:3      | Found a shimmering altar of Xom.
  3375 | D:3      | HP: 7/31 [poisoned by a worker ant]
  3380 | D:3      | HP: 5/31 [poisoned by a worker ant]
  3385 | D:3      | HP: 4/31 [poisoned by a worker ant]
  3393 | D:3      | HP: 2/31 [poisoned by a worker ant]
  3998 | D:4      | Noticed an ogre
  4010 | D:4      | Learned a level 2 spell: Blink
  4013 | D:4      | Learned a level 2 spell: Repel Missiles
  4017 | D:4      | Learned a level 3 spell: Conjure Flame
  4021 | D:4      | Learned a level 3 spell: Mephitic Cloud
  4036 | D:4      | Killed an ogre
  4036 | D:4      | Reached skill level 5 in Spellcasting
  4036 | D:4      | Reached skill level 1 in Poison Magic
  4036 | D:4      | Reached XP level 6. HP: 36/36 MP: 2/13
  4274 | D:4      | Reached skill level 4 in Conjurations
  4274 | D:4      | Reached skill level 2 in Poison Magic
  4698 | D:4      | Found a glowing golden altar of the Shining One.
  4698 | D:4      | Found a faded altar of an unknown god.
  4703 | D:4      | Found a hide-covered altar of Uskayaw.
  4706 | D:4      | Found an iron altar of Okawaru.
  4707 | D:4      | Found a bloodstained altar of Trog.
  4772 | D:4      | Reached XP level 7. HP: 38/41 MP: 5/14
  4774 | D:4      | Reached skill level 3 in Poison Magic
  4897 | D:4      | Found a hazy altar of Hepliaklqana.
  4950 | D:4      | Found a snail-covered altar of Cheibriados.
  6015 | D:5      | Entered Level 5 of the Dungeon
  6024 | D:5      | Reached skill level 2 in Translocations
  6611 | D:5      | Reached skill level 5 in Conjurations
  6630 | D:5      | HP: 5/41 [centaur/arrow (14)]
  6887 | D:5      | Reached skill level 6 in Spellcasting
  6887 | D:5      | Reached skill level 3 in Translocations
  6887 | D:5      | Reached XP level 8. HP: 22/46 MP: 3/17
  7359 | D:5      | Reached skill level 1 in Fighting
  7533 | D:5      | You fall through a shaft for 3 floors!
  7679 | D:7      | Got a pitted short sword
  7708 | D:7      | Reached skill level 2 in Fighting
  8059 | D:7      | Found a staircase to the Ecumenical Temple.
  8068 | Temple   | Entered the Ecumenical Temple
  8141 | Temple   | Became a worshipper of Sif Muna the Loreminder
  8363 | D:6      | Identified the +2 short sword of the Insatiable Wonders {drain, rElec Str+4} (You found it on level 7 of the Dungeon)
  8381 | D:6      | Reached skill level 3 in Fighting
  8464 | D:6      | Found Corug's Antique Armour Shop.
  8526 | D:6      | Found Bexzur's General Store.
  8531 | D:6      | Reached skill level 6 in Conjurations
  8589 | D:6      | Found Feylem's Assorted Antiques.
  8673 | D:6      | Found a snail-covered altar of Cheibriados.
  8770 | D:6      | Reached skill level 4 in Fighting
  8987 | D:6      | Found a radiant altar of Vehumet.
  8989 | D:6      | Found a burning altar of Makhleb.
  9154 | D:7      | Reached XP level 9. HP: 59/59 MP: 11/19
  9182 | D:7      | Found Goxeam's Weapon Shop.
  9183 | D:7      | Noticed a troll
  9532 | D:8      | Found an opulent altar of Gozag.
  9672 | D:8      | Noticed a deep elf mage
  9686 | D:8      | Killed a deep elf mage
  9686 | D:8      | Reached skill level 5 in Fighting
  9686 | D:8      | Reached skill level 7 in Spellcasting
  9875 | D:8      | HP: 14/62 [orc warrior/mace of draining (8)]
 10164 | D:7      | Reached skill level 6 in Fighting
 10516 | D:7      | Noticed Joseph
 10600 | D:7      | Reached skill level 7 in Conjurations
 11353 | D:9      | Reached * piety under Sif Muna
 11406 | D:9      | Noticed Psyche
 11415 | D:9      | Killed Psyche
 11415 | D:9      | Reached skill level 7 in Fighting
 11432 | D:9      | Reached XP level 10. HP: 63/71 MP: 1/21
 12237 | D:8      | Reached skill level 8 in Fighting
 12840 | D:9      | Found a staircase to the Orcish Mines.
 12901 | D:9      | Reached skill level 8 in Spellcasting
 13371 | D:9      | Reached skill level 1 in Evocations
 13388 | D:9      | HP: 17/72 [ice beast (14)]
 13726 | D:9      | Reached skill level 1 in Fire Magic
 13813 | D:9      | Reached ** piety under Sif Muna
 14091 | D:10     | Entered Level 10 of the Dungeon
 14234 | D:10     | Learned a level 5 spell: Iskenderun's Battlesphere
 14245 | D:10     | Found Cufue's Weapon Shoppe.
 14281 | D:10     | Reached skill level 2 in Fire Magic
 14281 | D:10     | Reached skill level 2 in Evocations
 14565 | D:10     | Learned a level 3 spell: Regeneration
 14608 | D:10     | Reached skill level 1 in Charms
 14712 | D:10     | Noticed a hill giant
 14818 | D:10     | Found Bucaad's General Store.
 15140 | D:10     | Noticed a hill giant
 15162 | D:10     | Killed a hill giant
 15162 | D:10     | Reached skill level 8 in Conjurations
 15162 | D:10     | Reached skill level 2 in Charms
 15162 | D:10     | Reached skill level 3 in Evocations
 15798 | D:11     | Reached skill level 4 in Evocations
 15809 | D:11     | Noticed an eight-headed hydra
 15859 | D:11     | Reached XP level 11. HP: 77/77 MP: 9/23
 15869 | D:11     | Reached skill level 3 in Charms
 16026 | D:10     | Learned a level 4 spell: Iskenderun's Mystic Blast
 16073 | D:11     | Killed an eight-headed hydra
 16073 | D:11     | Reached skill level 9 in Spellcasting
 16340 | D:6      | Bought a wand of heal wounds (3/9) for 504 gold pieces
 16472 | D:11     | Noticed a hill giant
 16522 | D:11     | Reached *** piety under Sif Muna
 16556 | D:11     | Noticed a hill giant
 16793 | D:11     | Reached skill level 5 in Evocations
 16941 | D:11     | Killed a hill giant
 17039 | D:11     | Noticed a sixfirhy
 17085 | D:11     | HP: 12/77 [killer bee (8)]
 17091 | D:10     | HP: 12/77 [killer bee (7)]
 17092 | D:10     | HP: 5/77 [killer bee (3)]
 17473 | D:11     | Noticed a hill giant
 17488 | D:11     | Killed a hill giant
 17488 | D:11     | Reached skill level 6 in Evocations
 17696 | D:11     | Reached skill level 1 in Invocations
 17875 | D:11     | Killed a hill giant
 18175 | D:11     | Reached skill level 2 in Invocations
 18228 | D:11     | Found a staircase to the Lair.
 18542 | D:10     | HP: 19/77 [hippogriff (9)]
 18560 | D:10     | HP: 16/77 [hippogriff (6)]
 18564 | D:10     | Reached skill level 7 in Evocations
 19203 | D:11     | Reached skill level 3 in Invocations
 19624 | D:12     | Found Heato's Antique Armour Boutique.
 19760 | D:12     | Noticed a hill giant
 19769 | D:12     | Killed a hill giant
 19900 | D:12     | Reached skill level 8 in Evocations
 19918 | D:12     | Reached skill level 4 in Invocations
 19918 | D:12     | Reached XP level 12. HP: 83/83 MP: 0/25
 20226 | D:12     | Noticed a five-headed hydra
 20232 | D:12     | Killed a five-headed hydra
 20232 | D:12     | Reached **** piety under Sif Muna
 20425 | D:12     | Reached skill level 10 in Spellcasting
 21052 | Lair:1   | Entered Level 1 of the Lair of Beasts
 21109 | Lair:1   | Identified a scroll of acquirement
 21155 | Lair:1   | Reached skill level 5 in Invocations
 21501 | Lair:1   | Reached skill level 9 in Evocations
 22875 | Lair:2   | Found a labyrinth entrance.
 22885 | Lab      | Entered a labyrinth
 23100 | Lab      | Reached skill level 6 in Invocations
 23502 | Lab      | HP: 19/83 [poisoned by a redback]
 23507 | Lab      | HP: 13/83 [poisoned by a redback]
 23512 | Lab      | HP: 9/83 [poisoned by a redback]
 23518 | Lab      | HP: 7/83 [poisoned by a redback]
 23525 | Lab      | HP: 5/83 [poisoned by a redback]
 23532 | Lab      | HP: 5/83 [poisoned by a redback]
 23540 | Lab      | HP: 5/83 [poisoned by a redback]
 24232 | Lab      | Noticed a minotaur
 24239 | Lab      | Killed a minotaur
 24446 | Lab      | Identified the Almanac of Dusty Combat Magic
 24462 | Lair:2   | HP: 15/83 [spiny frog (9)]
 24464 | Lair:2   | Mangled by a spiny frog

Skill      XL: |  1  2  3  4  5  6  7  8  9 10 11 12 |
---------------+-------------------------------------+-----
Conjurations   | 2 3 4 5 6 7 8 |  8.8
Spellcasting   | 4 5 6 7 8 9 10 | 10.6
Poison Magic   | 1 2 3 |  3.1
Translocations | 3 |  3.1
Fighting       | 4 7 8 |  8.3
Evocations     | 4 8 9 |  9.7
Fire Magic     | 2 |  2.5
Charms         | 2 3 |  3.6
Invocations    | 4 6 |  6.4
Dodging        | |  2.0
Stealth        | |  2.6
Summonings     | |  1.0

Action                   |  1- 3 |  4- 6 |  7- 9 | 10-12 || total
-------------------------+-------+-------+-------+-------++-------
Melee: Unarmed           |    23 |    19 |       |       ||    42
       Constrict         |     5 |     9 |    20 |     1 ||    35
       Tentacles         |     3 |     5 |    10 |     2 ||    20
       Spear             |       |    16 |    52 |       ||    68
       Short sword       |       |       |    37 |     7 ||    44
       Staff             |       |       |       |     3 ||     3
 Cast: Magic Dart        |   101 |   125 |   406 |   777 ||  1409
       Conjure Flame     |       |     5 |    12 |    33 ||    50
       Mephitic Cloud    |       |     1 |     5 |    15 ||    21
       Repel Missiles    |       |       |     4 |     2 ||     6
       Blink             |       |       |     2 |    18 ||    20
       Iskenderun's Myst |       |       |       |   106 ||   106
       Iskenderun's Batt |       |       |       |    33 ||    33
Invok: Divine Energy     |       |       |       |     1 ||     1
Evoke: Wand              |       |       |     2 |     3 ||     5
       Staff of energy   |       |       |       |    15 ||    15
  Use: Scroll            |       |     6 |    10 |    10 ||    26
       Potion            |       |       |       |     4 ||     4
 Stab: Sleeping          |       |     3 |       |       ||     3
  Eat: Chunk             |     4 |     6 |    13 |    11 ||    34
       Pizza             |       |     1 |       |     3 ||     4
       Fruit             |       |       |     2 |    24 ||    26
       Beef jerky        |       |       |     1 |     1 ||     2
       Meat ration       |       |       |     1 |       ||     1
       Royal jelly       |       |       |       |     1 ||     1
       Bread ration      |       |       |       |     1 ||     1
Armor: Skin              |     5 |     3 |    12 |    31 ||    51
Dodge: Dodged            |    37 |    49 |   138 |   323 ||   547
       Deflected         |       |       |     6 |     2 ||     8
Block: Buckler           |       |       |       |     3 ||     3

Vault maps used:
D:1:      nagdon_arrival_zigzag_paths
D:2:      uniq_natasha
D:3:      chequers_temple_overflow_statue_of_worship, portal_sewer_entry_d,
          mrwooster_statue_mirror
D:4:      chequers_temple_overflow_minitemple, overflow_temple_1_default,
          cheibriados_altar_1
D:5:      first_bread
D:6:      grunt_temple_overflow_lords_of_destruction, kennysheep_mini,
          serial_shops, shop, shop, shop_fountains
D:7:      serial_shops, shop, serial_co_window_serial, co_window_cross_1,
          co_window_paths_b, co_window_paths_a, co_window_paths_b,
          co_window_corner_a, co_window_paths_b, co_window_broadway_b,
          co_window_broadway_c, co_window_of_opportunity_c,
          co_window_broadway_a, co_window_broadway_a, co_window_paths_d,
          uniq_joseph
D:8:      grunt_gozag_breadcrumbs
D:9:      zombieorc2_lemuel, blue_anna_alchemist, uniq_psyche
D:10:     serial_shops, shop, nicolae_shop_crystal
D:11:     due_lair_maze_entry_diamond, st_stairs_5
D:12:     serial_shops, shop
Temple:   compressed_dpeg_triangle_lava_temple
Lair:1:   grunt_megastairs_2
Lair:2:   lab_entry_generic, small_statue_intersection, serial_bayou_shore_b,
          grunt_megastairs_1
Lab:      nicolae_lab_grate, nicolae_lab_very_dead_end, nicolae_lab_starburst,
          nicolae_lab_blocks

Table legend:
 A = Turns spent in this place as a percentage of turns spent in the entire game.
 B = Non-inter-level travel turns spent in this place as a percentage of non-inter-level travel turns spent in the entire game.
 C = Inter-level travel turns spent in this place as a percentage of turns spent in this place.
 D = Turns resting spent in this place as a percentage of non-inter-level travel turns spent in this place.
 E = Turns spent auto-exploring this place as a percentage of non-inter-level travel turns spent in this place.
 F = Non-inter-level travel turns spent in this place divided by the number of levels of this place that you've seen.
                   A       B       C       D       E      F
               +-------+-------+-------+-------+-------+----------------------
         Total | 100.0 | 100.0 |   0.6 |   6.5 |   5.7 | 402.6
       Dungeon |  77.3 |  77.2 |   0.7 |   7.6 |   7.0 | 414.4
        Temple |   1.2 |   1.2 |   1.3 |   0.0 |   0.0 |  75.0
          Lair |   6.8 |   6.8 |   0.2 |   5.0 |   3.6 | 219.5
     Labyrinth |  14.7 |  14.8 |   0.0 |   1.9 |   0.0 | 954.0
               +-------+-------+-------+-------+-------+----------------------

Table legend:
 A = Kills in this place as a percentage of kills in entire the game.
 B = Kills by you in this place as a percentage of kills by you in the entire game.
 C = Kills by friends in this place as a percentage of kills by friends in the entire game.
 D = Other kills in this place as a percentage of other kills in the entire game.
 E = Experience gained in this place as a percentage of experience gained in the entire game.
 F = Experience gained in this place divided by the number of levels of this place that you have seen.
                   A       B       C       D       E      F
               +-------+-------+-------+-------+-------+----------------------
         Total | 100.0 | 100.0 |  -nan | 100.0 | 100.0 | 1673.1
       Dungeon |  93.4 |  93.4 |  -nan | 100.0 |  78.0 | 1740.4
          Lair |   4.9 |   5.0 |  -nan |   0.0 |  13.9 | 1864.5
     Labyrinth |   1.6 |   1.7 |  -nan |   0.0 |   8.1 | 2156.0
               +-------+-------+-------+-------+-------+----------------------
